Map: Kairos Junction LE

Players

SandboX

  • Race: Zerg Zerg
  • League: Gold
  • Spawn Location: 5:00

jigam - Winner!

  • Race: Zerg Zerg
  • League: Platinum
  • Spawn Location: 11:00

VOD

Have the link to the VOD?

Description

Time

  • Played on: Aug. 10, 2019, 5:09 p.m.
  • Length: 9:46
Show
View Real Time Build Order
Export as new Build Order

SandboX Zerg 

Build Orders: Hatch First 

Get SALT Encoding   

  12  0:01  Drone  
  13  0:12  Overlord  
  13  0:17  Drone  
  14  0:35  Drone x3  
  17  0:55  Hatchery  
  16  0:58  Drone  
  16  1:00  Drone  
  18  1:04  Extractor  
  17  1:17  Spawning Pool  
  16  1:20  Drone  
  16  1:22  Drone  
  18  1:29  Drone  
  19  1:40  Overlord  
  19  2:05  Zergling x4  
  19  2:06  Zergling x2  
  19  2:08  Queen x2  
  22  2:12  Metabolic Boost  
  26  2:16  Drone  
  27  2:28  Drone x3  
  30  2:53  Hatchery  
  29  3:04  Drone x2  
  29  3:05  Drone x4  
  35  3:13  Baneling Nest  
  34  3:28  Zergling x4  
  34  3:30  Overlord x2  
  36  3:51  Zergling x4  
  37  4:02  Zergling x6  
  40  4:05  Baneling x5  
  40  4:06  Baneling x2  
  40  4:08  Zergling x2  
  41  4:24  Zergling x6  
  43  4:45  Zergling x10  
  43  4:53  Zergling x4  
  43  4:59  Queen  
  46  5:23  Queen  
  46  5:24  Zergling x8  
  46  5:25  Zergling x4  
  54  5:32  Zergling x6  
  54  5:34  Overlord x4  
  57  5:45  Baneling x8  
  57  5:46  Baneling x6  
  57  5:51  Queen x2  
  52  5:58  Zergling x20  
  57  6:08  Zergling x8  
  59  6:15  Zergling x10  
  59  6:20  Zergling x2  
  58  6:39  Zergling x4  
  55  6:40  Zergling x12  
  54  6:54  Baneling x2  
  54  6:55  Baneling x5  
  54  7:05  Zergling x8  
  54  7:06  Zergling x12  
  61  7:20  Drone x3  
  61  7:21  Drone x3  
  34  7:50  Zergling x22  
  38  7:59  Zergling x6  
  31  8:25  Drone x7  
  38  8:35  Queen  
  40  8:46  Zergling x2  
  40  8:47  Zergling x4  
  40  8:55  Zergling x6  
  37  9:22  Drone x8  
  47  9:30  Roach Warren  
Show
View Real Time Build Order
Export as new Build Order

jigam Zerg - Winner!

Build Orders: Pool First 

Get SALT Encoding   

  12  0:02  Drone  
  13  0:14  Overlord  
  13  0:17  Drone  
  14  0:21  Extractor  
  14  0:33  Drone  
  15  0:39  Drone  
  16  0:45  Spawning Pool  
  16  0:46  Extractor  
  14  0:51  Drone  
  15  0:58  Drone  
  16  1:09  Drone  
  17  1:20  Drone  
  18  1:31  Drone  
  19  1:33  Hatchery  
  18  1:42  Queen  
  18  1:46  Zergling x2  
  21  1:53  Overlord  
  21  2:00  Metabolic Boost  
  21  2:05  Drone  
  22  2:09  Extractor  
  21  2:15  Drone  
  22  2:24  Drone  
  23  2:34  Queen  
  23  2:35  Drone  
  26  2:44  Drone  
  26  2:54  Spine Crawler  
  26  2:57  Zergling x2, Spine Crawler  
  26  2:58  Zergling x4  
  27  3:00  Zergling x2  
  27  3:03  Zergling x2  
  29  3:06  Drone  
  30  3:14  Drone  
  30  3:15  Drone  
  32  3:26  Drone x2  
  34  3:30  Zergling x4  
  34  3:33  Evolution Chamber  
  35  3:46  Drone  
  35  3:47  Overlord x2  
  36  3:52  Overlord  
  36  3:58  Overlord  
  36  4:04  Zerg Ground Armor Level 1  
  36  4:10  Drone x2  
  36  4:11  Drone  
  39  4:18  Drone x3  
  42  4:30  Zergling x2  
  42  4:31  Zergling x8  
  41  4:55  Spine Crawler  
  41  4:56  Drone x6  
  46  5:01  Spine Crawler  
  46  5:03  Drone x2  
  47  5:11  Zergling x4  
  47  5:12  Zergling x6  
  52  5:15  Zergling x4  
  54  5:30  Zergling x6  
  57  5:36  Drone  
  58  5:47  Roach Warren  
  57  5:52  Zergling x8  
  55  6:10  Zergling x10  
  59  6:17  Zergling x4  
  51  6:22  Zergling x2  
  49  6:39  Zergling x6  
  51  6:46  Zergling x4  
  53  6:57  Roach x2  
  55  7:10  Zergling x6, Hatchery  
  55  7:11  Zergling x2  
  56  7:16  Roach  
  58  7:24  Roach  
  58  7:27  Overlord x2  
  58  7:28  Overlord  
  59  7:36  Zergling x2, Roach x3  
  60  7:48  Roach  
  60  7:49  Roach  
  63  8:02  Roach x4  
  63  8:03  Roach  
  73  8:12  Queen  
  73  8:17  Drone x2  
  70  8:27  Roach  
  70  8:28  Roach x2  
  70  8:30  Queen  
  78  8:45  Hatchery  
  78  8:47  Roach x6  
  86  8:57  Roach x2  
  90  9:06  Overlord x3  
  90  9:07  Overlord x2, Spine Crawler  
  89  9:10  Spine Crawler  
  89  9:14  Drone  
  101  9:43  Ravager x4  
Tags
 
Add a new tag
Caveats
  • Supply blocks, unpowered buildings, or Contaminate may cause inaccurate times.
  • Supply counts are checked every 10 seconds.